 Dungeon Crawl Stone Soup version 0.27.1-1-g398f81649c (webtiles) character file.

Game seed: 2024727954996277056

0 Descartes the Grasshopper (level 1, -1/7 HPs)
             Began as a Felid Wanderer on Sept 16, 2021.
             Slain by a quokka (3 damage)
             ... on level 1 of the Dungeon.
             The game lasted 00:00:44 (61 turns).

Descartes the Grasshopper (Felid Wanderer)            Turns: 61, Time: 00:00:44

Health: -1/7       AC:  1    Str:  9    XL:     1   Next: 8%
Magic:  2/2        EV: 15    Int: 14    God:
Gold:   0          SH:  0    Dex: 13    Spells: 0/0 levels left
                                        Lives:  0   Deaths: 0

rFire    . . .     SeeInvis +     - Unarmed
rCold    . . .     Faith    .   (shield unavailable)
rNeg     . . .     Spirit   .   (armour unavailable)
rPois    .         Reflect  .   (helmet unavailable)
rElec    .         Harm     .   (cloak unavailable)
rCorr    .         Rampage  .   (gloves unavailable)
Will     .....                  (boots unavailable)
Stlth    ++........             (no amulet)
HPRegen  0.02/turn              (no ring)
MPRegen  0.08/turn              (no ring)

@: quick
A: very small, claws 1, fangs 3, see invisible, speed 1, shaggy fur 1, stealthy
paws, no weapons or thrown items, no armour, multi-lived
a: no special abilities


You were on level 1 of the Dungeon.
You visited 1 branch of the dungeon, and saw 1 of its levels.

Inventory:

Scrolls
 a - a scroll of teleportation
Potions
 b - a potion of curing {unknown}


   Skills:
 + Level 0.0 Dodging
 + Level 1.4 Stealth
 + Level 3.0 Unarmed Combat
 - Level 4.4 Translocations
 * Level 1.8 Fire Magic
 - Level 1.1 Evocations


You couldn't memorise any spells.
You didn't know any spells.
Your spell library contained the following spells:

 Spells                   Type           Power      Damage    Failure   Level
 Foxfire                  Conj/Fire      8%         2x1d4     21%         1
 Pain                     Necr           0%         1d4       28%         1
 Conjure Flame            Conj/Fire      2%         6-21      52%         3
 Inner Flame              Hex/Fire       2%         N/A       52%         3
 Vampiric Draining        Necr           0%         2d6       65%         3
 Sticky Flame             Conj/Fire      2%         2d3       90%         4
 Fireball                 Conj/Fire      1%         3d3       99%         5


Dungeon Overview and Level Annotations

Branches:
Dungeon (1/15)

Altars:


Innate Abilities, Weirdness & Mutations

You have sharp claws.
You have razor-sharp teeth.
You have supernaturally acute eyesight. (SInv)
You cover ground quickly. (Speed+)
You are covered in fur. (AC +1)
Your paws help you pounce on unaware monsters.
You are incapable of wielding weapons or throwing items.
You cannot wear armour.
You gain extra lives every three experience levels.


Message History

The bat misses you.
You scratch the bat. You bite the bat.
You kill the bat!
No target in view!
No target in view!
No target in view!
No target in view!
No target in view!
No target in view!
No target in view!
No target in view!
No target in view!
No target in view!
No target in view!
No target in view!
A quokka comes into view.
A giant cockroach comes into view.
You barely miss the giant cockroach. The giant cockroach bites you.
The quokka closely misses you.
You scratch the giant cockroach but do no damage.
The giant cockroach closely misses you. The quokka bites you.
Ouch! That really hurt!
* * * LOW HITPOINT WARNING * * *
You are too injured to fight recklessly!
You are too injured to fight recklessly!
You are too injured to fight recklessly!
You are too injured to fight recklessly!
You are too injured to fight recklessly!
You are too injured to fight recklessly!
You are too injured to fight recklessly!
You are too injured to fight recklessly!
You are too injured to fight recklessly!
You are too injured to fight recklessly!
The quokka misses you.
The giant cockroach waves its antennae.
You scratch the quokka but do no damage.
The quokka misses you.
You scratch the quokka but do no damage.
The quokka bites you.
You die...

#. #.#..# #...# #
#. #.#..#
###.#.###.#
######.##.#..#
#...#.....#
.............#
###.###.<.###
######.###...#
#...#.....#
###.......#
#.#.#.###.#
..........###.#.#.
..
.#######..#...#.#
### #..#@#.#..
#..#r#.#.#
#..#.#.#.#
#.B#B#.#.#
#.r#.#.# #..#.###
##...# #.### ...#


You could see a quokka and a giant cockroach.

Vanquished Creatures
  A bat (D:1)
1 creature vanquished.

Notes
Turn   | Place    | Note
-------+----------+-------------------------------------------
     0 | D:1      | Descartes the Felid Wanderer began the quest for the Orb.
     0 | D:1      | Descartes set off with the following items: a scroll of
                  | teleportation; and the following spells available to
                  | memorise: Foxfire, Pain, Conjure Flame, Inner Flame,
                  | Vampiric Draining, Sticky Flame, Fireball
     0 | D:1      | Reached XP level 1. HP: 7/7 MP: 2/2
    61 | D:1      | Slain by a quokka

Illustrated notes

Levels and vault maps discovered:
D:1:      psy_arrival_radial02, layout_loops_ring,
          dreamdust_ecumenical_altar_hidden_monk_grotto,
          minmay_shallow_snake_nest

Action                   || total
-------------------------++-------
Melee: Unarmed           ||     5
       Bite              ||     1
Dodge: Dodged            ||     5
